 Dungeon Crawl Stone Soup version 0.21.0-25-ge575cb9 (webtiles) character file.

1547 sanboga the Cleaver (level 8, -8/109 HPs)
             Began as a Minotaur Berserker on Jan 25, 2018.
             Was an Elder of Trog.
             Mangled by an ogre
             ... wielding a +0 giant club
              (22 damage)
             ... on level 6 of the Dungeon.
             The game lasted 00:07:18 (4636 turns).

sanboga the Cleaver (Minotaur Berserker)            Turns: 4636, Time: 00:07:19

Health: -8/109     AC:  5    Str: 28 (29) XL:     8   Next: 57%
Magic:  0/7        EV: 12    Int:  3 (4)  God:    Trog [****..]
Gold:   244        SH:  0    Dex:  8 (10) Spells: 7/7 levels left

rFire    . . .     SeeInvis .   a - +2 hand axe
rCold    + . .     Gourm    .   (no shield)
rNeg     . . .     Faith    .   b - +2 robe {MR+}
rPois    .         Spirit   +   (helmet restricted)
rElec    .         Reflect  .   (no cloak)
rCorr    .         Harm     .   j - +0 pair of gloves
MR       +....                  (no boots)
Stlth    ..........             h - amulet of guardian spirit
HPRegen  0.28/turn              g - ring of protection from cold
MPRegen  0.10/turn              (no ring)

@: berserking, very quick
A: retaliatory headbutt, horns 2
a: Berserk, Trog's Hand, Brothers in Arms, Burn Spellbooks, Renounce Religion


You were on level 6 of the Dungeon.
You worshipped Trog.
Trog was greatly pleased with you.
You were not hungry.

You visited 1 branch of the dungeon, and saw 6 of its levels.

You collected 244 gold pieces.

Inventory:

Hand Weapons
 a - a +2 hand axe (weapon)
Armour
 b - a +2 robe of magic resistance (worn)
 f - a cursed +0 plate armour
 j - a +0 pair of gloves (worn)
Jewellery
 g - a ring of protection from cold (left hand)
 h - an amulet of guardian spirit (around neck)
Wands
 i - a wand of paralysis (16)
Scrolls
 m - a scroll of identify
 n - a scroll of enchant armour
Potions
 d - 3 potions of curing
 e - a potion of brilliance {unknown}
 l - 2 potions of resistance
Comestibles
 c - 7 rations
 k - 11 chunks of flesh


   Skills:
 + Level 7.3 Fighting
 * Level 9.6 Axes
 + Level 6.9 Armour
 - Level 2.7 Dodging


You had 7 spell levels left.
You didn't know any spells.

Dungeon Overview and Level Annotations

Branches:
Dungeon (6/15)
 Temple: D:4-7

Altars:
Cheibriados
Dithmenos
Okawaru


Innate Abilities, Weirdness & Mutations

You reflexively headbutt those who attack you in melee.
You have a pair of horns on your head.


Message History

The ogre hits you with a giant club!
You hit the ogre.
You headbutt the ogre, but do no damage.
The ogre is moderately wounded.
You hit the orc. You closely miss the orc.
The orc hits you with a hand axe of chopping.
You closely miss the ogre.
The ogre is moderately wounded.
You hit the orc but do no damage. You hit the orc.
The orc hits you with a flail of protection!
The ogre hits you with a giant club!!
* * * LOW HITPOINT WARNING * * *
The orc hits you but does no damage.
A red film seems to cover your vision as you go berserk!
You feel yourself moving faster!
You feel mighty!
You feel quite a bit more hungry. The orc closely misses you.
The orc hits you with a hand axe of chopping!
* * * LOW HITPOINT WARNING * * *
x2 The ogre hits you with a giant club!!
You die...

.........#.####.###..
. ####.....#...... .
.########....###
...'...........'...
...##..........####
..........:.......
...................
......o............
......O@...........
.......o...........
......###.####....
...... #... ....
##... #.... ... #...
#...... .... ......
.... ....


You could see an ogre and 2 orcs.

Vanquished Creatures
  The ghost of Pestilence the Skirmisher, an amateur MiFi of Makhleb (D:4)
  A phantom (D:5)
  A big kobold (D:6)
  A wyvern zombie (D:6)
  Blork the orc (D:6)
  A scorpion (D:4)
  A howler monkey (D:4)
  5 bullfrog zombies (D:6)
  2 crimson imps
  A centaur zombie (D:6)
  A centaur skeleton (D:6)
  2 orc priests
  A jelly (D:5)
  5 orc wizards
  A bullfrog skeleton (D:6)
  3 iguanas
  4 worker ants
  A killer bee zombie (D:4)
  A worker ant zombie (D:6)
  4 adders
  3 shadow imps
  An ooze (D:2)
  An adder skeleton (D:6)
  A worm (D:2)
  2 dart slugs (D:1)
  3 leopard geckos
  35 orcs
  2 ball pythons
  4 bats
  A giant cockroach (D:2)
  A goblin (D:2)
  7 hobgoblins
  6 jackals
  8 kobolds
  A quokka (D:4)
  6 frilled lizards
  A leopard gecko zombie (D:6)
  4 rats
125 creatures vanquished.

Notes
Turn   | Place    | Note
-------+----------+-------------------------------------------
     0 | D:1      | sanboga the Minotaur Berserker began the quest for the Orb.
     0 | D:1      | Reached XP level 1. HP: 19/19 MP: 0/0
   381 | D:1      | Reached XP level 2. HP: 22/27 MP: 1/1
   879 | D:1      | Reached skill level 4 in Axes
  1152 | D:2      | Reached ** piety under Trog
  1313 | D:2      | Reached XP level 3. HP: 33/33 MP: 2/2
  1504 | D:3      | Found a snail-covered altar of Cheibriados.
  1519 | D:3      | Found a faded altar of an unknown god.
  1648 | D:4      | Noticed Pestilence's ghost (amateur MiFi)
  1658 | D:4      | HP: 2/49 [Pestilence's ghost (14)]
  1659 | D:4      | Killed Pestilence's ghost
  1659 | D:4      | Reached skill level 5 in Fighting
  1659 | D:4      | Reached skill level 6 in Axes
  1659 | D:4      | Reached XP level 4. HP: 2/42 MP: 3/3
  1659 | D:4      | Reached XP level 5. HP: 3/48 MP: 4/4
  1659 | D:4      | Reached XP level 6. HP: 3/56 MP: 5/5
  2246 | D:4      | Found a shadowy altar of Dithmenos.
  2399 | D:4      | Found an iron altar of Okawaru.
  2809 | D:5      | Entered Level 5 of the Dungeon
  2878 | D:5      | Reached skill level 7 in Axes
  2878 | D:5      | Reached skill level 5 in Armour
  3107 | D:5      | Reached XP level 7. HP: 47/62 MP: 6/6
  3251 | D:5      | Reached *** piety under Trog
  3632 | D:5      | Reached skill level 8 in Axes
  3925 | D:6      | Reached XP level 8. HP: 44/71 MP: 2/7
  4239 | D:6      | Noticed Blork the orc
  4243 | D:6      | Killed Blork the orc
  4258 | D:6      | Reached skill level 9 in Axes
  4323 | D:6      | Reached **** piety under Trog
  4636 | D:6      | Mangled by an ogre

Skill      XL: |  1  2  3  4  5  6  7  8 |
---------------+-------------------------+-----
Axes           | 4 6 7 8 9 |  9.6
Fighting       | 4 5 6 7 |  7.3
Armour         | 3 4 5 6 |  6.9
Dodging        | |  2.7

Action                   |  1- 3 |  4- 6 |  7- 9 || total
-------------------------+-------+-------+-------++-------
Melee: Hand axe          |    82 |    61 |   170 ||   313
       Headbutt          |    12 |    12 |    28 ||    52
Invok: Berserk           |     2 |       |     1 ||     3
       Burn Spellbooks   |       |     1 |     2 ||     3
  Use: Scroll            |     8 |     2 |     1 ||    11
       Potion            |       |       |     4 ||     4
  Eat: Chunk             |     3 |     5 |     6 ||    14
Armor: Animal skin       |     4 |       |       ||     4
       Robe              |    13 |    18 |    44 ||    75
Dodge: Dodged            |    44 |    30 |   110 ||   184
